 Dungeon Sprint DCSS version 0.21-a0-414-gba8bdf1 (webtiles) character file.

6 Kidiri the Covered (level 1, -1/14 HPs)
             Began as a Gargoyle Fighter on Nov 2, 2017.
             Slain by an ogre
             ... wielding a +0 giant club
              (15 damage)
             ... in the Dungeon (Sprint IX: "|||||||||||||||||||||||||||||").
             The game lasted 00:00:47 (32 turns).

Kidiri the Covered (Gargoyle Fighter)                 Turns: 32, Time: 00:00:48

Health: -1/14      AC:  9    Str: 19    XL:     1   Next: 90%
Magic:  1/1        EV:  7    Int:  8    God:
Gold:   0          SH:  9    Dex:  9    Spells: 0/0 levels left

rFire    . . .     SeeInvis .   a - +0 flail
rCold    . . .     Gourm    .   c - +0 shield
rNeg     + . .     Faith    .   b - +0 scale mail
rPois    ∞         Spirit   .   (no helmet)
rElec    +         Reflect  .   (no cloak)
rCorr    .         Harm     .   (no gloves)
MR       .....     NoTele   +   (no boots)
Stlth    ..........             (no amulet)
HPRegen  0.04/turn              (no ring)
MPRegen  0.07/turn              (no ring)

@: no status effects
A: negative energy resistance 1, electricity resistance, unbreathing,
petrification resistance, rot immunity, AC +2
a: no special abilities


You were in the Dungeon.
You were not hungry.

You visited 1 branch

Inventory:

Hand Weapons
 a - a +0 flail (weapon)
Armour
 b - a +0 scale mail (worn)
 c - a +0 shield (worn)
Scrolls
 k - a scroll of blinking
Potions
 d - a potion of might
 e - a potion of curing
 g - a potion of heal wounds
 h - a potion of haste
 i - 2 potions of magic
 j - a potion of berserk rage
Comestibles
 f - a bread ration
 l - 4 chunks of flesh


   Skills:
 * Level 3.6 Fighting
 * Level 2.3 Maces & Flails
 + Level 0.5 Throwing
 * Level 3.6 Armour
 * Level 1.0 Dodging
 + Level 1.0 Stealth
 * Level 3.6 Shields


You couldn't memorise any spells.
You didn't know any spells.

Dungeon Overview and Level Annotations

Branches:
Dungeon (1/1)

Altars:


Innate Abilities, Weirdness & Mutations

You are resistant to torment.
Your stone body is resilient. (AC +2)
You are immune to poison.
You resist negative energy. (rN+)
You are resistant to electric shocks. (rElec)
You can survive without breathing.
You are immune to petrification.
You are immune to rotting.


Message History

a club; a hobgoblin corpse You butcher the hobgoblin corpse.
l - 4 chunks of flesh
There is an open door to the Dungeon, spattered with blood here.
You see here a club.
Sorry, you're not good enough to have a special ability.
Unknown command.
m - a club
There are no items here.
There is a staircase leading out of the dungeon here.
You drop a club.
Unknown command.
There is an open door to the Dungeon, spattered with blood here.
You open the door.
An adder, an orc, an ogre, a crimson imp and a zombie come into view.
The ogre shouts!
Unknown command.
You barely miss the ogre. The ogre hits you with a giant club!
Ouch! That really hurt!
You die...

▓.▓
▓.▓
▓.▓
▓'▓
▓.▓
▓.▓
▓.▓
▓.▓
▓@▓
▓O▓
▓S▓
▓o▓
▓.▓
▓Z▓
▓5▓
▓+▓


You could see an ogre, a crimson imp, an adder, an orc and an adder zombie.

Vanquished Creatures
  A leopard gecko (D)
  A goblin (D)
  A hobgoblin (D)
  2 rats (D)
5 creatures vanquished.

Notes
Turn   | Place    | Note
-------+----------+-------------------------------------------
     0 | D        | Kidiri the Gargoyle Fighter began the quest for the Orb.
     0 | D        | Reached XP level 1. HP: 14/14 MP: 1/1
    12 | D        | Reached skill level 1 in Dodging
    12 | D        | Reached skill level 1 in Stealth
    31 | D        | Noticed an ogre
    31 | D        | Noticed a crimson imp
    32 | D        | Slain by an ogre

Vault maps used:
D:        linesprint

Skill      XL: |  1 |
---------------+----+-----
Dodging        | 1 |  1.0
Stealth        | 1 |  1.0
Fighting       | |  3.6
Maces & Flails | |  2.3
Throwing       | |  0.5
Armour         | |  3.6
Shields        | |  3.6

Action                   || total
-------------------------++-------
Melee: Flail             ||    10
Dodge: Dodged            ||     2
Block: Shield            ||     2

Table legend:
 A = Spawn XP
 B = Non-spawn XP
 C = Spawn XP percentage of total XP
 D = Spawn monster count
 E = Non-spawn monster count
 F = Spawn count percentage of total count
 G = Total turns spent on level
                    A         B        C        D         E        F      G
               +---------+---------+-------+---------+---------+-------+---------
         Total |       0 |       9 |   0.0 |       0 |       5 |   0.0 |    32
               +---------+---------+-------+---------+---------+-------+---------
             D |       0 |       9 |   0.0 |       0 |       5 |   0.0 |    32
               +---------+---------+-------+---------+---------+-------+---------
